Orko, chaotic female orcish Wizard -------- ##################*#############(######## ##.......| #--------------------------------# # |.....<+ #|....+.........................|### .......| #|.------|--------------..-----.|# -------- +|.| | |..+..|......# #( #|.| .|..........-...|.|)@##do #|.-+------- .. ------|......|.|# # ###|......|..| .. |..----|.|# ## #..----.|..|-|-- | |.|. |.|# #|.|..-.-|--..{..- -- |. . |.|# |....|.../.........- -.| |. # |.|-.-|---[---- -- .| |.|# |.|..|. |.. --- .|# |.|..|[ |.|. .|## |.|..|=+ |..--- |.|# |.-|------..{.------- - ------.| |..............................- -------------------------------- Orko the Conjurer Experience level: 5 Strength: 12 Dexterity: 13 Constitution: 14 Intelligence: 16 Wisdom: 11 Charisma: 14 Health: 0(35) Energy: 2(42) Def: 2 Gold: 113 Moves: 1112 Dungeon seed: d93FHi25OqgHrwCd Game ID: Orko_1570927403 Your Inventory: Spellbooks K - a blessed spellbook of force bolt L - an uncursed spellbook of light Rings C - an uncursed ring of fire resistance (on left hand) D - an uncursed +1 ring of adornment Armor h - an uncursed +0 dwarvish iron helm (being worn) Weapons a - an uncursed +0 axe (alternate weapon; not wielded) b - a blessed thoroughly burnt +1 quarterstaff (weapon in hands) q - an uncursed +0 dagger (in quiver) x - 7 uncursed +0 darts G - an uncursed +1 dagger P - 8 uncursed +0 arrows Wands A - an uncursed wand of secret door detection named i (0:9) B - an uncursed wand of create monster (0:11) M - an uncursed wand of fire named #zz (0:0) Potions s - a potion of unholy water J - an uncursed potion of see invisible Scrolls i - 2 uncursed scrolls of identify I - an uncursed scroll of teleportation Comestibles E - an uncursed food ration R - an uncursed egg S - an uncursed partly eaten food ration Tools j - an uncursed credit card o - an uncursed blindfold named . p - an uncursed blindfold O - an uncursed wax candle (0:400) Gems v - 2 uncursed worthless pieces of blue glass y - an uncursed worthless piece of yellowish brown glass Q - 2 uncursed worthless pieces of violet glass Coins $ - 113 gold pieces Spells and supernatural/magical abilities: Name Level Category Fail Memory a - force bolt 1 attack 0% 95% l - light 1 divination 0% 95% W - pray for help -- divine ? -- Your skills at the end: Fighting Skills Weapon Skills quarterstaff [Basic] Spellcasting Skills attack spells [Basic] enchantment spells [Basic] Final Attributes: You were aligned. You were fire resistant. You were poison resistant. You were hallucinating. You had infravision. You were lucky. You are dead. Vanquished creatures: a watchman 2 gnome kings 2 gnome lords a gnomish wizard 4 dwarves a rabid rat 4 monkeys a giant rat 10 gnomes a gecko a fox a goblin a kobold zombie a newt and a partridge in a pear tree 31 creatures vanquished. Voluntary challenges: You were an atheist. You used a wielded weapon 28 times, starting on turn 94. You read items or engraved 1 time, starting on turn 1014. You never genocided any monsters. You never polymorphed an object. You never changed form. You used no wishes. You never split a pudding. You never wrote Elbereth's name. You violated your moral code, losing 17 points of alignment, starting on turn 1005. You abstained from Elbereth's help. You werepermanently hallucinating. Dungeon overview: The Dungeons of Doom: levels 1 to 2 Level 1 a fountain a long staircase Level 2 stairs to The Gnomish Mines The Gnomish Mines: levels 3 to 5 Level 3 stairs to The Dungeons of Doom Level 4 Level 5 <- You were here a lighting shop, some fountains History has recorded: On T:1 you entered the Dungeons of Doom to retrieve the Amulet of Yendor! On T:41 you reached level 2 of The Dungeons of Doom. On T:369 you reached level 1 of The Gnomish Mines. On T:400 you advanced to experience level 2. On T:462 you advanced to experience level 3. On T:477 you advanced to experience level 4. On T:547 you reached level 2 of The Gnomish Mines. On T:731 you advanced to experience level 5. On T:808 you reached level 3 of The Gnomish Mines. Score breakdown: Gold: 113 ( 6996 points) Experience: 5 levels (11141 points) Exploration: 5 levels ( 10.00%) ( 8571 points) Discoveries: 4 items ( 1.44%) ( 3605 points) Valuables value: (no points given unless you survive) Artifact value: 0 ( 0 points) Variety of kills: 14 monsters ( 3.67%) ( 5750 points) Turncount: 1112 turns ( 0 points) Survival: died (score multiplied by 80%) Total score: 28850 Latest messages: You see a door open. The master lichen shoots an arrow! You are hit! You see here 6 rocks. The Y2K bug throws a knife! You are hit! You see here 6 rocks. You see here 7 rocks. Ouch! That hurts! You see here 7 rocks. The Invid hits! The spell hits it. The ettin mummy hits! You hit it. You miss it. The hell hound hits! You die... Final status: Goodbye Orko the Wizard, killed by a hallucinogen-distorted watchman... You died in The Gnomish Mines on dungeon level 5 with 28850 points, and 113 pieces of gold, after 1112 moves. You were level 5 with a maximum of 35 hit points when you died.